AoeStats
← Paxius

Arena

513630375Analyzed
1v1 RM · 4d ago on Oct 14, 2026· 53m 44s· 2 players
Game mode
Random Map
Map size
Tiny (2 player)
Population
200
Speed
Normal
Resources
Standard
Victory
Conquest
Starting age
Dark Age
Ending age
Imperial Age
RankedLock teamsTeams togetherTeam positionsShared explorationLock speedFull tech treeHidden civsTurbo modeCheats
Victory
Defeat
🇺🇸 Franks · United States
739
+18
vs
🇩🇪 Spanish · Germany
781
-18
Paxius
13:55 Feudal Age
12:19 Loom
17:47 Castle Age
16:13 Double-Bit Axe
19:44 Bow Saw
19:15 Horse Collar
19:29 Gold Mining
19:52 Bloodlines
19:43 Husbandry
19:52 Scale Barding Armor
21:55 Wheelbarrow
26:24 Chain Barding Armor
26:20 Heavy Plow
29:09 Forging
29:38 Hand Cart
31:40 Iron Casting
32:47 Squires
32:08 Pikeman
32:34 Arson
32:51 Scale Mail Armor
34:57 Chain Mail Armor
38:50 Imperial Age
40:37 Chemistry
39:48 Fortified Wall
39:50 Masonry
40:03 Conscription
40:48 Blast Furnace
39:12 Cavalier
42:22 Plate Barding Armor
44:22 Plate Mail Armor
45:53 Architecture
46:36 Onager
50:02 Halberdier
TerrorTerp24
9:23 Feudal Age
10:40 Wheelbarrow
9:54 Double-Bit Axe
13:15 Gold Mining
19:14 Castle Age
20:57 Hand Cart
21:23 Gold Shaft Mining
21:02 Bow Saw
23:33 Stone Mining
26:30 Loom
26:31 Town Watch
27:43 Fletching
28:54 Bodkin Arrow
29:10 Forging
29:01 Scale Mail Armor
33:53 Imperial Age
32:37 Town Patrol
32:29 Ordonnance Companies
35:55 Iron Casting
36:45 Conscription
35:46 Elite Throwing Axeman
38:44 Blast Furnace
38:00 Chain Mail Armor
41:01 Plate Mail Armor
40:45 Arson
41:01 Squires
Connection lost

Rejoining the realm…

Still unreachable

The connection could not be restored.

Session expired

The server has moved on; the page needs a fresh start.